AoeStats
← Okiloki

Arabia

510027684Analyzed
1v1 RM · 4d ago on Sep 29, 2026· 44m 18s· 2 players
Game mode
Random Map
Map size
Tiny (2 player)
Population
200
Speed
Normal
Resources
Standard
Victory
Conquest
Starting age
Dark Age
Ending age
Imperial Age
RankedLock teamsTeams togetherTeam positionsShared explorationLock speedFull tech treeHidden civsTurbo modeCheats
Victory
Defeat
🇲🇽 Mongols · Mexico
1077
+17
🇺🇸 Magyars · United States
1098
-17
the_ripper
6:03 Loom
8:35 Feudal Age
9:11 Double-Bit Axe
18:39 Wheelbarrow
17:55 Horse Collar
21:32 Castle Age
20:11 Bloodlines
21:16 Scale Barding Armor
21:27 Gold Mining
22:43 Husbandry
23:00 Forging
24:00 Heavy Plow
24:35 Bow Saw
26:58 Fletching
27:56 Bodkin Arrow
29:18 Gold Shaft Mining
30:18 Padded Archer Armor
32:11 Town Watch
32:41 Hand Cart
33:30 Ballistics
35:03 Thumb Ring
35:56 Town Patrol
39:50 Imperial Age
38:50 Light Cavalry
39:51 Masonry
40:10 Leather Archer Armor
40:34 Iron Casting
40:19 Chain Barding Armor
40:31 Hussar
41:27 Capped Ram
44:12 Chemistry
43:35 Conscription
Okiloki
6:59 Loom
10:58 Feudal Age
11:32 Double-Bit Axe
18:14 Horse Collar
20:30 Wheelbarrow
24:50 Castle Age
23:54 Fletching
24:19 Scale Mail Armor
24:55 Pikeman
28:04 Hand Cart
29:42 Thumb Ring
30:15 Chain Mail Armor
30:27 Light Cavalry
31:37 Bow Saw
32:01 Bloodlines
31:54 Husbandry
33:27 Bodkin Arrow
35:41 Elite Skirmisher
38:54 Padded Archer Armor
40:47 Ballistics
45:28 Imperial Age
Connection lost

Rejoining the realm…

Still unreachable

The connection could not be restored.

Session expired

The server has moved on; the page needs a fresh start.